cohdb
Replays
Latest Replays
All Replays
Popular Replays
Top Player Replays
Match Explorer
How It Works
Community
CoH3 Stats
Reddit
Sign in to upload your games and track your stats! →
Sign in with Steam
Match 41894629
Unlisted
Match 41894629
Overview
Messages
Build Orders
End
Construct Weapon Support Center
Engineer Squad
Selects Heavy Weapons
M1919 Machine Gun Team
M1919 Machine Gun Team
Construct Barracks
.30 cal Machine Gun
Selects M2HB .50cal Heavy Machine Gun
Riflemen Squad
Grenade Package
Construct Medical Station
Air Support Center
M3 Armored Personnel Carrier
P-47 Strafing Run
Riflemen Squad
Selects Assault Carriers
M3 Assault Carrier
Construct Motor Pool
P-47 Dive Bomb
P-47 Strafing Run
M1 Anti-tank Gun Team
M1919 Machine Gun Team
Selects Exchangeable Parts
Selects Exchangeable Parts
M8 Greyhound Armored Car
P-47 Strafing Run
M1 Anti-tank Gun Team
P-47 Dive Bomb
M3 Assault Carrier
P-47 Dive Bomb
Construct Tank Depot
Grasshopper Recon Run
M18 Hellcat Tank Destroyer
M3 Assault Carrier
P-47 Dive Bomb
Grasshopper Recon Run
Selects M26 Pershing Heavy Tank
M3 Assault Carrier
M3 Assault Carrier
M4(105) Sherman Bulldozer
Riflemen Squad
Riflemen Squad
xXPINKxxFLOYDXx
Taterbait
سَۨفُـيٰانۨوٰس
mohamedkerdaoui
0
0
Comments
sign in to comment!
No comments posted yet!